 Dungeon Crawl Stone Soup version 0.17.1-2-g5865329 (console) character file.

98 utis the Ruffian (level 4, 41/41 HPs)
             Began as a Troll Warper on Feb 10, 2016.
             Quit the game on level 2 of the Dungeon.
             The game lasted 00:04:11 (1901 turns).

utis the Ruffian (Troll Warper)                     Turns: 1901, Time: 00:04:11

Health: 41/41      AC:  5    Str: 19    XL:     4   Next: 44%
Magic:  4/4        EV: 10    Int:  9    God:
Gold:   173        SH:  0    Dex: 10    Spells: 1 memorised, 4 levels left

rFire  . . .     SeeInvis .       - Unarmed
rCold  . . .     Clarity  .     a - +0 robe
rNeg   . . .     SustAt   .     (no shield)
rPois  .         Gourm    +     (helmet restricted)
rElec  .         Spirit   .     (no cloak)
rCorr  .         Warding  .     (gloves unavailable)
rMut   .         Stasis   .     (boots unavailable)
MR     .....                    (no amulet)
Stlth  +.........               (no ring)
                                (no ring)

@: not resistant to hostile enchantments, very unstealthy
A: unfitting armour, claws 3, fast metabolism 3, gourmand, regeneration 2,
shaggy fur 1, tough skin 2
a: no special abilities


You were on level 2 of the Dungeon.
You were completely stuffed.

You visited 1 branch of the dungeon, and saw 2 of its levels.

You collected 173 gold pieces.

Inventory:

Missiles
 d - 5 tomahawks of dispersal (quivered)
 g - 14 poisoned sling bullets
 h - 124 stones
 i - 23 sling bullets
 m - 6 needles of sleeping
Armour
 a - a +0 robe (worn)
Jewellery
 l - an uncursed ring of wizardry {unknown}
 w - a +2 ring of evasion {unknown}
Scrolls
 c - a scroll of blinking
 s - a scroll of teleportation {unknown}
 u - a scroll of amnesia {unknown}
 v - a scroll of identify {unknown}
Potions
 f - a potion of flight {unknown}
 j - 2 potions of agility {unknown}
 k - 2 potions of degeneration {unknown}
 o - a potion of resistance {unknown}
 p - a potion of lignification {unknown}
 q - 2 potions of heal wounds {unknown}
 r - a potion of poison {unknown}
 t - 2 potions of curing {unknown}
Books
 b - a book of Spatial Translocations

   Spells                             Type                      Level
   a - Apportation                    Translocation                1
   b - Blink                          Translocation                2
   c - Shroud of Golubria             Charms/Translocation         2
   d - Portal Projectile              Translocation                3
   e - Teleport Other                 Translocation                3
   f - Passage of Golubria            Translocation                4
Miscellaneous
 n - a plain deck of wonders
Comestibles
 e - 4 bread rations
 x - 2 chunks of flesh


   Skills:
 - Level 1.5 Fighting
 - Level 0.8 Throwing
 - Level 1.9 Dodging
 + Level 4.7 Unarmed Combat
 - Level 1.2 Spellcasting
 - Level 2.1 Translocations


You had 4 spell levels left.
You knew the following spells:

 Your Spells              Type           Power        Failure   Level  Hunger
a - Apportation           Tloc           #.........   14%         1    ##.....


Dungeon Overview and Level Annotations

Branches:
Dungeon (2/15)

Altars:
Nemelex Xobeh
The Shining One


Innate Abilities, Weirdness & Mutations

You are too large for most types of armour.
You have claws for hands.
Your metabolism is lightning-fast.
You like to eat raw meat.
You heal very quickly.
You are covered in fur (AC +1).
You have very tough skin (AC +2).


Message History

The giant newt bites you but does no damage.
You claw the giant newt!
You kill the giant newt!
You see here a giant newt corpse.
You see here a giant newt corpse.
You butcher the giant newt corpse.
x - 3 chunks of flesh (gained 1)
Found a glowing golden altar of the Shining One.
Eating one of 3 chunks of flesh.
This raw flesh tastes great.
You continue eating. x2
You see here a dagger.
There is an open door here.
There is an open door here.
You see here a quokka skeleton.
Done exploring.
Done exploring.
Done exploring.
Read which item? (? for menu, Esc to quit)
Okay, then.
Are you sure you want to abandon this character and quit the game? (Confirm with "yes".)

.### ########## #..# #........#
##.# #........# .#.# #........#
#.## #........# ##.######
#........#
.#.#....################........#
#..#.[...........................
#######.#)###.#.@................
_# #.#.#.#.###.#####.########. ##
#.#...#.# #.# #.# #.
#######.###.#.###.#####.########.
.................รท..........>....
#######........##.#.....########.
#........##.#......# #####.
#.......###.######.# #.....
#..<..###......# #.# #.####


There were no monsters in sight!

Vanquished Creatures
  4 adders (D:2)
  3 giant geckos
  A giant cockroach (D:1)
  4 goblins
  13 hobgoblins
  13 jackals (D:1)
  3 kobolds
  A quokka (D:2)
  A ball python (D:2)
  4 bats (D:1)
  3 giant newts
  4 rats
54 creatures vanquished.

Notes
Turn   | Place    | Note
--------------------------------------------------------------
     0 | D:1      | utis the Troll Warper began the quest for the Orb.
     0 | D:1      | Reached XP level 1. HP: 19/19 MP: 1/1
   237 | D:1      | Reached XP level 2. HP: 27/27 MP: 2/2
   334 | D:1      | Reached skill level 3 in Unarmed Combat
   786 | D:1      | Reached XP level 3. HP: 33/33 MP: 3/3
  1155 | D:2      | Reached skill level 4 in Unarmed Combat
  1258 | D:2      | Reached XP level 4. HP: 36/41 MP: 4/4
  1765 | D:2      | Found a sparkling altar of Nemelex Xobeh.
  1816 | D:2      | Found a glowing golden altar of the Shining One.
  1901 | D:2      | Quit the game

Action                   |  1- 3 |  4- 6 || total
-------------------------+-------+-------++-------
Melee: Unarmed           |   144 |    33 ||   177
  Use: Scroll            |     2 |       ||     2
  Eat: Chunk             |    15 |     6 ||    21
       Bread ration      |     1 |       ||     1
